 Dungeon Crawl Stone Soup version 0.26-a0-660-gc07710193c (webtiles) character file.

Game seed: 3176606833763559829

211 jiml777 the Grasshopper (level 5, -2/43 HPs)
             Began as a Gnoll Warper on Oct 5, 2020.
             Was an Initiate of Gozag.
             Slain by Grinder (5 damage)
             ... on level 3 of the Dungeon.
             The game lasted 00:08:55 (2992 turns).

jiml777 the Grasshopper (Gnoll Warper)              Turns: 2992, Time: 00:08:56

Health: -2/43      AC: 13    Str: 13    XL:     5   Next: 88%
Magic:  12/12      EV:  7    Int: 13    God:    Gozag
Gold:   220        SH:  0    Dex: 14    Spells: 14/14 levels left

rFire    . . .     SeeInvis .   a - +0 hand axe
rCold    . . .     Faith    .   (no shield)
rNeg     . . .     Spirit   .   p - +2 chain mail {MR+}
rPois    .         Reflect  .   i - +0 helmet
rElec    .         Harm     .   (no cloak)
rCorr    .         Rampage  .   o - +0 pair of gloves
MR       +....                  (no boots)
Stlth    ..........             (no amulet)
HPRegen  0.14/turn              f - -4 ring of intelligence (curse)
MPRegen  0.13/turn              m - ring of wizardry

@: gold aura
A: distributed training, fangs 1, strong nose
a: Potion Petition, Call Merchant, Bribe Branch, Renounce Religion


You were on level 3 of the Dungeon.
You worshipped Gozag.
Gozag was aware of your devotion.
You visited 1 branch of the dungeon, and saw 3 of its levels.

You collected 246 gold pieces.
You paid 26 gold pieces to Gozag.

Inventory:

Hand Weapons
 a - a +0 hand axe (weapon)
Missiles
 e - 5 boomerangs of dispersal (quivered)
 g - 56 bolts
 l - 15 arrows
Armour
 b - a +0 leather armour
 h - a +0 ring mail
 i - a +0 helmet (worn)
 o - a +0 pair of gloves (worn)
 p - a +2 chain mail of magic resistance (worn)
Jewellery
 f - a cursed -4 ring of intelligence (left hand)
 m - a ring of wizardry (right hand)
Scrolls
 d - a scroll of blinking
 j - a scroll of enchant weapon {unknown}
 q - 3 scrolls of remove curse
Potions
 c - a potion of flight
 k - a potion of might {unknown}
 n - a potion of invisibility {unknown}
 r - a potion of curing


   Skills:
 + Level 4.8 Fighting
 + Level 1.6 Short Blades
 + Level 1.6 Long Blades
 + Level 4.8 Axes
 + Level 1.6 Maces & Flails
 + Level 1.6 Polearms
 + Level 1.6 Staves
 + Level 1.6 Slings
 + Level 1.6 Bows
 + Level 1.6 Crossbows
 + Level 3.1 Throwing
 + Level 3.1 Armour
 + Level 4.8 Dodging
 + Level 1.6 Stealth
 + Level 1.6 Shields
 + Level 1.6 Unarmed Combat
 + Level 5.2 Spellcasting
 + Level 1.3 Conjurations
 + Level 1.3 Hexes
 + Level 1.3 Summonings
 + Level 1.3 Necromancy
 + Level 5.6 Translocations
 + Level 1.3 Transmutations
 + Level 1.3 Fire Magic
 + Level 1.3 Ice Magic
 + Level 1.3 Air Magic
 + Level 1.3 Earth Magic
 + Level 1.3 Poison Magic
 + Level 1.9 Invocations
 + Level 1.6 Evocations


You had 14 spell levels left.
You didn't know any spells.
Your spell library contained the following spells:

 Spells                   Type           Power        Failure   Level
 Blink                    Tloc           N/A          32%         2
 Gell's Gravitas          Tloc           ###.......   52%         3
 Lesser Beckoning         Tloc           ###.......   52%         3
 Teleport Other           Tloc           ###.....     52%         3
 Passage of Golubria      Tloc           N/A          88%         4


Dungeon Overview and Level Annotations

Branches:
Dungeon (3/15)

Altars:
Dithmenos
Gozag
Kikubaaqudgha
Sif Muna
Trog

Annotations:
D:3 Grinder, Ijyb


Innate Abilities, Weirdness & Mutations

Your experience applies equally to all skills.
You have very sharp teeth.
Your uncanny sense of smell can sniff out nearby items.


Message History

The adder is heavily wounded.
The adder bites you but does no damage. The adder barely misses you.
You hit the adder.
The adder is almost dead.
You hit Grinder. Grinder hits you but does no damage.
The adder bites you but does no damage.
You hit the adder. Your bite misses the adder.
The adder is almost dead.
You barely miss Grinder. The adder bites you but does no damage.
Grinder gestures at you. Pain shoots through your body!
The adder bites you but does no damage.
You slash the adder!
You kill the adder!
You hit Grinder. Grinder hits you.
You writhe in agony.
* * * LOW HITPOINT WARNING * * *
Ijyb zaps a wand.
The puff of flame hits you!
* * * LOW HITPOINT WARNING * * *
Grinder hits you.
You die...
Your body crumbles into a pile of gold.

########.#.....#
...............# #####
..######.#.....####...#
##...#...........#
#.....########...#
##...## ##.## ##.## #>#
#5# #.# #@# #.### ##$##
###...## ##.g.##
#...<... ##.....##
#....#.. ##.......##
#....#.. #.........#
#...... . +.....?...+
.........
#.........####...#.##
##.......## ##.....


You could see Grinder and Ijyb.

Vanquished Creatures
  An iguana (D:3)
  Natasha (thrice) (D:2)
  6 adders
  2 oozes
  A dart slug (D:2)
  3 leopard geckos
  9 bats
  4 giant cockroaches
  2 goblins
  5 hobgoblins
  4 kobolds
  A ball python (D:2)
  3 frilled lizards (D:1)
  8 rats
52 creatures vanquished.

Notes
Turn   | Place    | Note
-------+----------+-------------------------------------------
     0 | D:1      | jiml777 the Gnoll Warper began the quest for the Orb.
     0 | D:1      | Reached XP level 1. HP: 20/20 MP: 6/6
   123 | D:1      | Reached XP level 2. HP: 25/26 MP: 7/7
   590 | D:1      | Reached skill level 5 in Spellcasting
   590 | D:1      | Reached XP level 3. HP: 29/31 MP: 7/9
   852 | D:2      | Found a bloodstained altar of Trog.
   852 | D:2      | Found an ancient bone altar of Kikubaaqudgha.
   859 | D:2      | Found a shadowy altar of Dithmenos.
   861 | D:2      | Found a shimmering blue altar of Sif Muna.
   863 | D:2      | Found an opulent altar of Gozag.
   867 | D:2      | Became a worshipper of Gozag Ym Sagoz the Greedy
   971 | D:2      | Reached skill level 1 in Invocations
  1185 | D:2      | Reached skill level 1 in Short Blades
  1185 | D:2      | Reached skill level 1 in Long Blades
  1185 | D:2      | Reached skill level 1 in Maces & Flails
  1185 | D:2      | Reached skill level 1 in Polearms
  1185 | D:2      | Reached skill level 1 in Staves
  1185 | D:2      | Reached skill level 1 in Slings
  1185 | D:2      | Reached skill level 1 in Bows
  1185 | D:2      | Reached skill level 1 in Crossbows
  1185 | D:2      | Reached skill level 1 in Stealth
  1185 | D:2      | Reached skill level 1 in Shields
  1185 | D:2      | Reached skill level 1 in Unarmed Combat
  1185 | D:2      | Reached skill level 1 in Evocations
  1215 | D:2      | Reached XP level 4. HP: 30/38 MP: 11/11
  1655 | D:2      | Noticed Natasha
  1668 | D:2      | Killed Natasha
  1668 | D:2      | Reached skill level 1 in Conjurations
  1668 | D:2      | Reached skill level 1 in Hexes
  1668 | D:2      | Reached skill level 1 in Summonings
  1668 | D:2      | Reached skill level 1 in Necromancy
  1668 | D:2      | Reached skill level 1 in Transmutations
  1668 | D:2      | Reached skill level 1 in Fire Magic
  1668 | D:2      | Reached skill level 1 in Ice Magic
  1668 | D:2      | Reached skill level 1 in Air Magic
  1668 | D:2      | Reached skill level 1 in Earth Magic
  1668 | D:2      | Reached skill level 1 in Poison Magic
  1701 | D:2      | Noticed Natasha
  1730 | D:2      | Killed Natasha
  1730 | D:2      | Reached XP level 5. HP: 27/43 MP: 12/12
  2145 | D:2      | Noticed Natasha
  2165 | D:2      | Killed Natasha
  2752 | D:3      | Noticed Grinder
  2759 | D:3      | Paralysed by Grinder for 6 turns
  2799 | D:3      | Paralysed by Grinder for 2 turns
  2952 | D:3      | Noticed Ijyb
  2973 | D:3      | Paralysed by Grinder for 6 turns
  2992 | D:3      | Slain by Grinder

Illustrated notes

Levels and vault maps discovered:
D:1:      lightli_arrival_windingriver, layout_rooms
D:2:      layout_loops_corners, chequers_temple_overflow_minitemple,
          uniq_natasha
D:3:      minmay_wonky_spiral, layout_loops_corners, uniq_robin, uniq_ijyb,
          uniq_jessica, uniq_grinder

Skill      XL: |  1  2  3  4  5 |
---------------+----------------+-----
Spellcasting   | 5 |  5.2
Invocations    | 1 |  1.9
Short Blades   | 1 |  1.6
Long Blades    | 1 |  1.6
Maces & Flails | 1 |  1.6
Polearms       | 1 |  1.6
Staves         | 1 |  1.6
Slings         | 1 |  1.6
Bows           | 1 |  1.6
Crossbows      | 1 |  1.6
Stealth        | 1 |  1.6
Shields        | 1 |  1.6
Unarmed Combat | 1 |  1.6
Evocations     | 1 |  1.6
Conjurations   | 1 |  1.3
Hexes          | 1 |  1.3
Summonings     | 1 |  1.3
Necromancy     | 1 |  1.3
Transmutations | 1 |  1.3
Fire Magic     | 1 |  1.3
Ice Magic      | 1 |  1.3
Air Magic      | 1 |  1.3
Earth Magic    | 1 |  1.3
Poison Magic   | 1 |  1.3
Throwing       | 3 |  3.1
Armour         | 3 |  3.1
Fighting       | |  4.8
Axes           | |  4.8
Dodging        | |  4.8
Translocations | |  5.6

Action                   |  1- 3 |  4- 6 || total
-------------------------+-------+-------++-------
Melee: Hand axe          |   116 |   125 ||   241
       Bite              |    11 |     7 ||    18
       Punch             |       |     1 ||     1
  Use: Scroll            |     1 |       ||     1
       Potion            |       |     2 ||     2
 Stab: Sleeping          |     1 |     1 ||     2
Armor: Leather armour    |    35 |     2 ||    37
       Ring mail         |       |     2 ||     2
       Chain mail        |       |   100 ||   100
Dodge: Dodged            |   105 |    59 ||   164

Table legend: (Time is in decaauts)
 A = Elapsed time spent in this place.
 B = Non-inter-level travel time spent in this place.
 C = Inter-level travel time spent in this place.
 D = Time resting spent in this place.
 E = Time spent auto-exploring this place.
 F = Levels seen in this place.
 G = Mean time per level.
                   A        B        C        D        E       F      G
               +--------+--------+--------+--------+--------+-----+--------+
         Total |   3007 |   2999 |      8 |    904 |   1264 |   3 | 1002.3 |
       Dungeon |   3007 |   2999 |      8 |    904 |   1264 |   3 | 1002.3 |
               +--------+--------+--------+--------+--------+-----+--------+

Top non-repeatable levels by time:
     D:2: 1877 daAuts
     D:1: 704 daAuts
     D:3: 425 daAuts
